[Event "Overnight Daily SuperBlitz Arena"]
[Site "https://chessrook.com/A1llQqM9yI"]
[Date "2025.04.04"]
[White "ma_price09"]
[Black "mmaksimov756"]
[Result "1/2-1/2"]
[WhiteElo "1480"]
[BlackElo "1466"]
[PlyCount "65"]
[Variant "Standard"]
[TimeControl "180+0"]
[ECO "A00"]
[Opening "Van't Kruijs Opening"]
[Termination "Normal"]
[Annotator "chessrook.com"]

1. e3 { A00 Van't Kruijs Opening } d6 2. Qf3 Nf6 3. Qf4 e5 4. Qh4 Bd7 5. Qc4 d5 6. Qe2 Bd6 7. d4 Nc6 8. Nf3 e4 9. Nh4 Bg4 10. Qb5 Qc8 11. f3 Bh5 12. Bd2 O-O 13. g4 Nxg4 14. Qxd5 Nb4 15. Qxe4 f5 16. Bc4+ Kh8 17. Nxf5 Nf2 18. Kxf2 Nxc2 19. Nxd6 Qd7 20. f4 Qh3 21. Kg1 Qf3 22. Bd3 g6 23. Qe5+ Kg8 24. Bc4+ Rf7 25. Bxf7+ Kf8 26. Qh8+ Ke7 27. Qxa8 Qg4+ 28. Kf1 Qf3+ 29. Kg1 Qg4+ 30. Kf1 Qf3+ 31. Kg1 Qg4+ 32. Kf1 Qf3+ 33. Kg1 { Draw } 1/2-1/2